 Dungeon Crawl Stone Soup version 0.24.0-123-gd5b16e6ec5 (webtiles) character file.

Game seed: 1757253764365512904, levelgen mode: deterministic

84944 LordRappington the Stickfighter (level 15, -5/139 HPs)
             Began as a Minotaur Gladiator on Jan 16, 2020.
             Was the Champion of Makhleb.
             Killed from afar by a shock serpent (15 damage)
             ... with a bolt of electricity
             ... on level 1 of the Snake Pit.
             The game lasted 01:26:02 (22052 turns).

LordRappington the Stickfighter (MiGl)             Turns: 22052, Time: 01:26:02

Health: -5/139     AC: 37    Str: 23    XL:     15   Next: 36%
Magic:  20/20      EV: 10    Int:  9    God:    Makhleb [******]
Gold:   1455       SH:  0    Dex: 14    Spells: 14/14 levels left

rFire    + . .     SeeInvis +   S - +4 quarterstaff (protect)
rCold    + + .     Gourm    +   (shield currently unavailable)
rNeg     + + .     Faith    .   J - +11 chain mail of Xen Mick {rPois rN++ MR+ SInv}
rPois    +         Spirit   .   z - +2 hat {MR+}
rElec    .         Reflect  .   I - scarf {cloud immunity}
rCorr    .         Harm     .   W - +2 pair of gloves of Kikubaaqudgha's Envy {*Corrode rPois rF+ rC++}
MR       ++++.                  (no boots)
Stlth    ..........             D - amulet of the gourmand
HPRegen  0.33/turn              x - ring of protection from magic
MPRegen  0.17/turn              y - +4 ring of strength

@: protection aura
A: retaliatory headbutt, horns 2
a: Minor Destruction, Lesser Servant of Makhleb, Major Destruction, Greater
Servant of Makhleb, Renounce Religion


You were on level 1 of the Snake Pit.
You worshipped Makhleb.
Makhleb was exalted by your worship.
You were full.

You visited 5 branches of the dungeon, and saw 24 of its levels.
You visited 1 bazaar.
You also visited: Ossuary.

You collected 1655 gold pieces.
You spent 200 gold pieces at shops.

Inventory:

Hand Weapons
 S - a +4 quarterstaff of protection (weapon)
Missiles
 n - 62 poisoned darts (quivered)
 G - 8 boomerangs
 H - 12 curare-tipped darts
Armour
 u - a +0 shield
 w - the +0 cloak of Immorality {+Inv Str+4, unknown}
   (You found it on level 3 of the Lair of Beasts)

   It affects your strength (+4).
   It lets you turn invisible.
 z - a +2 hat of magic resistance (worn)
 I - a scarf of cloud immunity (worn)
 J - the +11 chain mail of Xen Mick (worn) {rPois rN++ MR+ SInv}
   (You found it on level 7 of the Dungeon)

   It protects you from poison.
   It greatly protects you from negative energy.
   It affects your resistance to hostile enchantments.
   It lets you see invisible.
 N - a +0 large shield
 W - the +2 pair of gloves of Kikubaaqudgha's Envy (worn) {*Corrode rPois rF+ rC++}
   (You found it on level 10 of the Dungeon)

   It protects you from fire.
   It greatly protects you from cold.
   It protects you from poison.
   It may corrode you when you take damage.
Magical Staves
 L - an uncursed staff of wizardry {unknown}
Jewellery
 c - a cursed -3 ring of evasion {unknown}
 l - a +2 amulet of reflection
 x - a ring of protection from magic (left hand)
 y - a +4 ring of strength (right hand)
 C - the amulet of the Air {Inacc +Fly rElec EV+5 RMsl}
   (You found it on level 4 of the Lair of Beasts)

   [amulet of inaccuracy]

   It reduces the accuracy of all your attacks.
   It affects your evasion (+5).
   It insulates you from electricity.
   It lets you fly.
   It protects you from missiles.
 D - an amulet of the gourmand (around neck)
 K - a cursed -2 ring of protection {unknown}
Wands
 g - a wand of disintegration (17)
 j - a wand of paralysis (8)
 A - a wand of polymorph (36)
 P - a wand of digging (4)
 Z - a wand of flame (59)
Scrolls
 e - a scroll of brand weapon {unknown}
 m - 8 scrolls of remove curse
 p - a scroll of noise {unknown}
 q - a scroll of blinking
 s - 4 scrolls of identify
 v - 8 scrolls of teleportation
 B - a scroll of amnesia
 M - a scroll of acquirement {unknown}
 O - a scroll of magic mapping
Potions
 a - 2 potions of lignification
 b - 2 potions of flight
 d - a potion of magic
 h - 6 potions of ambrosia
 i - 7 potions of curing
 k - 2 potions of might
 o - 8 potions of agility
 r - a potion of resistance
 t - 5 potions of haste
 E - a potion of berserk rage
 F - a potion of heal wounds
Comestibles
 f - 30 rations


   Skills:
 + Level 14.9 Fighting
 + Level 20.6 Staves
 - Level 2.0 Throwing
 - Level 15.3 Armour
 - Level 3.2 Dodging
 * Level 8.8 Invocations


You had 14 spell levels left.
You didn't know any spells.
Your spell library contained the following spells:

 Spells                   Type           Power        Failure   Level  Hunger
 Animate Skeleton         Necr           N/A          87%         1    ##.....
 Apportation              Tloc           #.....       87%         1    ##.....
 Confusing Touch          Hex            #.....       87%         1    ##.....
 Summon Small Mammal      Summ           #...         87%         1    ##.....
 Confuse                  Hex            #.......     99%         3    ####...
 Gell's Gravitas          Tloc           #.........   99%         3    ####...
 Petrify                  Tmut/Erth      #.......     100%        4    #####..
 Metabolic Englaciation   Hex/Ice        #.........   100%        5    ######.
 Yara's Violent Unravell  Hex/Tmut       #.........   100%        5    ######.


Dungeon Overview and Level Annotations

Branches:
Dungeon (15/15)            Temple (1/1) D:4            Lair (6/6) D:8
 Shoals (0/4) Lair:2        Snake (1/4) Lair:2        Slime (1/5) Lair:6
    Orc (0/2) D:12         Vaults (0/5) D:14         Depths (0/5) D:15
Ossuary (visited)

Altars:
Ashenzari
Cheibriados
Dithmenos
Elyvilon
Fedhas
Gozag
Hepliaklqana
Kikubaaqudgha
Makhleb
Nemelex Xobeh
Okawaru
Qazlal
Ru
Sif Muna
Trog
Vehumet
Wu Jian
Xom
Yredelemnul
Zin
The Shining One

Shops:
D:14 :=

Portals:
Trove: D:14 (give +3 gold dragon scales)


Innate Abilities, Weirdness & Mutations

You reflexively headbutt those who attack you in melee.
You have a pair of horns on your head.


Message History

You closely miss the shock serpent. Your headbutt misses the shock serpent.
The shock serpent is severely wounded.
The shock serpent shoots out a bolt of lightning at you!
The bolt of electricity hits you.
You sock the shock serpent!
The shock serpent is almost dead.
The shock serpent's electric aura discharges, shocking you!
The shock serpent shoots out a bolt of lightning at you!
The bolt of electricity hits you!!
* * * LOW HITPOINT WARNING * * *
The naga sharpshooter casts a spell.
The naga sharpshooter magically shoots an arrow.
The arrow hits you!
* * * LOW HITPOINT WARNING * * *
The shock serpent shoots out a bolt of lightning at you!
The bolt of electricity hits you!
* * * LOW HITPOINT WARNING * * *
The shock serpent shoots out a bolt of lightning at you!
The bolt of electricity hits you!
You die...

.....##N#
........##
#.#.....#
#.......##
#........#
#.....)..#
#.....S..#
#.......##
#...@..##
##.<.###
#..####
...# ###


You could see a shock serpent.

Vanquished Creatures
  Gastronok (Lair:3)
  Kirke (D:14)
  A stone giant (D:9)
  The ghost of puimuR the Executioner, a journeyman HOBe of Trog (Lair:4)
  Snorg (D:11)
  8 hydras
  Harold (D:7)
  An ogre mage (D:11)
  2 centaur warriors
  A death knight (D:14)
  An anaconda (shapeshifter) (D:15)
  6 two-headed ogres
  2 tengu warriors (D:14)
  4 death yaks (Lair:5)
  Sonja (Lair:2)
  3 skeletal warriors
  5 unseen horrors
  A wizard (D:14)
  A wolf spider zombie (D:12)
  2 ugly things
  2 oklob plants (Lair:5)
  6 cyclopes
  A salamander (D:15)
  13 elephants
  2 manticores (D:15)
  2 black mambas (Lair:6)
  A merfolk siren (Lair:2)
  A naga mage (Snake:1)
  A torpor snail (Lair:4)
  13 spiny frogs
  2 gargoyles
  5 komodo dragons
  4 freezing wraiths (D:14)
  3 rime drakes
  A tengu conjurer (D:14)
  9 hornets
  4 polar bears (Lair:6)
  5 trolls
  Grinder (D:4)
  15 blink frogs
  A hornet (shapeshifter) (D:13)
  10 hippogriffs
  16 dream sheep
  2 slime creatures (D:15)
  36 yaks
  6 wyverns
  10 spriggans (Lair:6)
  2 vampires
  2 wraiths
  3 basilisks
  4 vampire mosquitoes (D:13)
  A steam dragon (D:11)
  3 hungry ghosts
  2 wargs (D:12)
  A soldier ant (D:13)
  An acid dragon (D:15)
  9 porcupines
  11 water moccasins
  4 black bears
  An eye of draining (D:11)
  A necrophage (D:9)
  A phantom (D:11)
  7 sky beasts
  4 ice beasts
  4 boggarts (Lair:6)
  10 orc warriors
  3 ogres
  25 wolves
  3 centaurs
  16 crocodiles
  22 bullfrogs
  4 big kobolds
  A gnoll sergeant (D:13)
  2 scorpions
  10 killer bees
  A howler monkey (D:14)
  14 wights
  An electric eel (Lair:5)
  3 centaur zombies
  A bullfrog zombie (D:7)
  8 crimson imps
  7 jellies
  7 orc priests
  4 bullfrog skeletons
  9 hounds
  10 centaur skeletons
  A gnoll shaman (D:2)
  9 orc wizards
  3 iguanas
  3 hell rats (Lair:1)
  12 worker ants
  3 mummies (Ossuary)
  2 worker ant zombies
  13 gnolls
  12 adders
  A hound simulacrum (D:9)
  7 river rats (Lair:1)
  4 shadow imps
  4 oozes
  3 dart slugs
  5 worms
  4 leopard geckos
  57 orcs
  5 giant cockroaches
  A gnoll zombie (Ossuary)
  10 goblins
  4 hobgoblins
  18 jackals
  4 quokkas
  2 ball pythons
  9 bats
  6 frilled lizards
  3 goblin zombies (Ossuary)
  4 hobgoblin zombies (Ossuary)
  2 jackal skeletons
  A jackal zombie (D:6)
  20 kobolds
  A kobold zombie (Ossuary)
  10 rats
  2 bushes (Lair:6)
  A butterfly (Lair:5)
684 creatures vanquished.

Vanquished Creatures (collateral kills)
  A skeletal warrior (D:9)
  An acid dragon (D:11)
  An ogre (D:12)
3 creatures vanquished.

Vanquished Creatures (others)
  A hydra (Lair:6)
  A spiny frog (Lair:6)
  An orc (D:12)
  A bush (Lair:6)
  4 fungi
  6 plants
14 creatures vanquished.

Grand Total: 701 creatures vanquished

Notes
Turn   | Place    | Note
-------+----------+-------------------------------------------
     0 | D:1      | LordRappington the Minotaur Gladiator began the quest for
                  | the Orb.
     0 | D:1      | Reached XP level 1. HP: 18/18 MP: 0/0
    87 | D:1      | Reached skill level 4 in Staves
   272 | D:1      | Found a snail-covered altar of Cheibriados.
   278 | D:1      | Reached XP level 2. HP: 23/25 MP: 1/1
   720 | D:2      | Reached skill level 5 in Staves
   720 | D:2      | Reached XP level 3. HP: 29/30 MP: 2/2
   736 | D:2      | Reached skill level 6 in Staves
   736 | D:2      | Reached XP level 4. HP: 30/37 MP: 3/3
   769 | D:2      | Found an ornate altar of the Wu Jian Council.
  1009 | D:2      | Reached skill level 7 in Staves
  1009 | D:2      | Reached XP level 5. HP: 39/42 MP: 4/4
  1570 | D:3      | Found a shadowy altar of Dithmenos.
  1733 | D:3      | Reached skill level 8 in Staves
  1854 | D:3      | Reached XP level 6. HP: 9/50 MP: 5/5
  2639 | D:4      | Found a staircase to the Ecumenical Temple.
  2654 | Temple   | Entered the Ecumenical Temple
  2875 | Temple   | Became a worshipper of Makhleb the Destroyer
  3040 | D:4      | Noticed Grinder
  3059 | D:4      | Paralysed by Grinder for 5 turns
  3066 | D:4      | Killed Grinder
  3066 | D:4      | Reached skill level 9 in Staves
  3066 | D:4      | Reached XP level 7. HP: 12/56 MP: 6/6
  3391 | D:4      | Reached skill level 10 in Staves
  3788 | D:5      | Entered Level 5 of the Dungeon
  4117 | D:5      | Found a sand-covered staircase.
  4122 | Ossuary  | Entered an ossuary
  4122 | Ossuary  | Noticed a wraith
  4122 | Ossuary  | Noticed a wraith
  4122 | Ossuary  | Noticed a wraith
  4199 | Ossuary  | Noticed a wraith
  4217 | Ossuary  | Killed a wraith
  4217 | Ossuary  | Reached skill level 11 in Staves
  4361 | Ossuary  | Reached * piety under Makhleb
  4673 | D:5      | Reached XP level 8. HP: 47/62 MP: 7/7
  4705 | D:5      | Noticed a troll
  4712 | D:5      | HP: 1/62 [troll (5)]
  5023 | D:5      | Killed a troll
  5023 | D:5      | Reached skill level 12 in Staves
  5190 | D:5      | Reached skill level 1 in Armour
  5333 | D:6      | Found a glowing silver altar of Zin.
  5462 | D:6      | Got a smoking chain mail
  5621 | D:6      | Identified the +2 chain mail "Edavimn" {rC++} (You found it
                  | on level 6 of the Dungeon)
  5701 | D:6      | Reached skill level 13 in Staves
  5845 | D:6      | Reached XP level 9. HP: 62/68 MP: 8/8
  5847 | D:6      | Reached ** piety under Makhleb
  6068 | D:6      | Found a stormy altar of Qazlal.
  6119 | D:7      | Reached skill level 5 in Armour
  6221 | D:7      | Got a steaming chain mail
  6261 | D:7      | Identified the +11 chain mail of Xen Mick {rPois rN++ MR+
                  | SInv} (You found it on level 7 of the Dungeon)
  6337 | D:7      | Noticed Harold
  6350 | D:7      | Killed Harold
  6350 | D:7      | Reached skill level 14 in Staves
  6494 | D:7      | Found an ancient bone altar of Kikubaaqudgha.
  6619 | D:8      | Found a staircase to the Lair.
  6619 | D:8      | Noticed an elephant
  6645 | D:8      | Killed an elephant
  6645 | D:8      | Reached XP level 10. HP: 51/74 MP: 9/9
  7001 | D:8      | Found an opulent altar of Gozag.
  7048 | D:8      | Reached skill level 15 in Staves
  7049 | D:8      | Found a shattered altar of Ashenzari.
  7496 | D:9      | Reached *** piety under Makhleb
  7803 | D:9      | Reached skill level 10 in Armour
  7970 | D:9      | Found a basalt altar of Yredelemnul.
  8024 | D:9      | Noticed a skeletal warrior
  8052 | D:9      | HP: 1/74 [skeletal warrior/+0 halberd (10)]
  8080 | D:9      | Killed a skeletal warrior
  8426 | D:9      | Noticed a centaur warrior
  8437 | D:9      | Killed a centaur warrior
  8471 | D:9      | Noticed a stone giant
  8483 | D:9      | HP: 3/111 [stone giant (24)]
  8488 | D:9      | Killed a stone giant
  8488 | D:9      | Reached XP level 11. HP: 32/80 MP: 10/10
  9158 | D:10     | Entered Level 10 of the Dungeon
  9207 | D:10     | Reached skill level 16 in Staves
  9242 | D:10     | Noticed an unseen horror
  9253 | D:10     | Killed an unseen horror
  9266 | D:10     | Noticed an unseen horror
  9292 | D:10     | Killed an unseen horror
  9473 | D:10     | Reached **** piety under Makhleb
  9641 | D:10     | Got a pair of transparent gloves
  9659 | D:10     | Identified the +2 pair of gloves of Kikubaaqudgha's Envy
                  | {*Corrode rPois rF+ rC++} (You found it on level 10 of the
                  | Dungeon)
  9672 | D:10     | Noticed a two-headed ogre
  9680 | D:10     | Killed a two-headed ogre
 10064 | D:11     | Found a glowing silver altar of Zin.
 10199 | D:11     | Noticed an unseen horror
 10219 | D:11     | Killed an unseen horror
 10534 | D:11     | Noticed an eight-headed hydra
 10536 | D:11     | Noticed a centaur warrior
 10633 | D:11     | Noticed an ogre mage
 10641 | D:11     | Killed an ogre mage
 10738 | D:11     | Noticed an unseen horror
 10741 | D:11     | Identified the ring of the Sky {rN++ Int+3}
 10757 | D:11     | Killed a centaur warrior
 10757 | D:11     | Reached XP level 12. HP: 56/88 MP: 11/11
 10774 | D:11     | Reached skill level 15 in Armour
 10838 | D:11     | Noticed Snorg
 10859 | D:11     | Killed Snorg
 10859 | D:11     | Reached skill level 17 in Staves
 11292 | D:11     | Got a flickering silver ring
 11312 | D:11     | Got a shimmering silver ring
 11315 | D:11     | Got a smoking bone amulet
 11716 | D:11     | Reached skill level 1 in Invocations
 11737 | D:12     | Reached ***** piety under Makhleb
 11738 | D:12     | Noticed a two-headed ogre
 11749 | D:12     | Killed a two-headed ogre
 11884 | D:12     | Found a staircase to the Orcish Mines.
 12050 | D:12     | Reached skill level 5 in Fighting
 12308 | D:12     | Found a flickering gateway to a bazaar.
 12354 | D:12     | Noticed a four-headed hydra
 12367 | D:12     | Killed a four-headed hydra
 12588 | Bazaar   | Entered a bazaar
 12588 | Bazaar   | Found Yskaigri's Antique Weapon Boutique.
 12588 | Bazaar   | Found Omevogi's Antique Armour Shop.
 12588 | Bazaar   | Found Micuthri's Armour Shop.
 12598 | Bazaar   | Bought a runed scarf for 200 gold pieces
 12918 | D:13     | Reached skill level 18 in Staves
 13254 | D:13     | Reached XP level 13. HP: 105/105 MP: 14/14
 13613 | D:14     | Found Oxkeopn's Book Shoppe.
 13946 | D:14     | Found Hedy's Jewellery Emporium.
 14249 | D:14     | Identified the ring "Ysuint" {+Fly rF+ Int+4} (You found it
                  | on level 11 of the Dungeon)
 14251 | D:14     | Identified the ring "Joapuokh" {rN+++ Int-4 Dex+5 Slay+1}
                  | (You found it on level 11 of the Dungeon)
 14307 | D:14     | Noticed Kirke
 14311 | D:14     | Reached skill level 5 in Invocations
 14325 | D:14     | Killed Kirke
 14370 | D:14     | Found a portal to a secret trove of treasure.
 14434 | D:14     | Reached ****** piety under Makhleb
 14510 | D:14     | Found a gate to the Vaults.
 14657 | D:15     | Entered Level 15 of the Dungeon
 14803 | D:14     | Reached skill level 10 in Fighting
 15256 | D:15     | Identified the amulet "Teoqo" {Spirit +Blink Int-5 Dex+3
                  | Stlth+} (You found it on level 11 of the Dungeon)
 15290 | D:15     | Reached skill level 19 in Staves
 15533 | D:15     | Found a staircase to the Depths.
 15538 | D:15     | Noticed a spark wasp
 15538 | D:15     | an anaconda changed into a spark wasp
 15539 | D:15     | a spark wasp changed into an ice dragon
 15543 | D:15     | Noticed an ettin
 15543 | D:15     | an ice dragon changed into an ettin
 15544 | D:15     | an ettin changed into an anaconda
 15894 | Lair:1   | Entered Level 1 of the Lair of Beasts
 15967 | Lair:1   | Reached XP level 14. HP: 121/124 MP: 17/17
 16988 | Lair:2   | Noticed Sonja
 17024 | Lair:2   | Found a staircase to the Shoals.
 17308 | Lair:2   | Killed Sonja
 17365 | Lair:2   | Found a staircase to the Snake Pit.
 18106 | Lair:3   | Found a gate leading to a gauntlet.
 18204 | Lair:3   | Got a spiked cloak
 18215 | Lair:3   | Noticed Gastronok
 18229 | Lair:3   | Killed Gastronok
 18592 | Lair:3   | Found an ancient bone altar of Kikubaaqudgha.
 19295 | Lair:4   | Found a runed translucent door.
 19304 | Lair:4   | Noticed puimuR's ghost (journeyman HOBe)
 19305 | Lair:4   | Found the amulet of the Air {Inacc +Fly rElec EV+5 RMsl}
 19338 | Lair:4   | Killed puimuR's ghost
 19686 | Lair:4   | Reached skill level 20 in Staves
 20041 | Lair:5   | Reached XP level 15. HP: 128/138 MP: 20/20
 20554 | Lair:6   | Entered Level 6 of the Lair of Beasts
 20700 | Lair:6   | Found a staircase to the Slime Pits.
 21250 | Lair:6   | Found the +4 moon troll leather armour {Spirit, Regen++
                  | MP+5}
 21841 | Slime:1  | Entered Level 1 of the Pits of Slime
 21841 | Slime:1  | Noticed an acid blob
 22036 | Snake:1  | Entered Level 1 of the Snake Pit
 22052 | Snake:1  | Killed from afar by a shock serpent

Levels and vault maps discovered:
D:1:      beargit_arrival_greenhouse, layout_basic, st_stairs_4,
          cheibriados_altar_1
D:2:      layout_loops_corners, lemuel_crystal_altar
D:3:      minmay_spotlight, layout_loops_cross,
          nicolae_dithmenos_through_a_glass_darkly
D:4:      layout_loops_cross, minmay_temple_entry_statues_pillars, uniq_grinder
D:5:      layout_cave_pools, enter_ossuary_2, first_ration
D:6:      layout_basic, marbit_many_paths, zin_scriptorium
D:7:      layout_rooms, kennysheep_little_box, uniq_harold
D:8:      layout_basic, grunt_gozag_statues, david_lair_generic, basic_altar
D:9:      layout_loops_ring, nicolae_overflow_hidden_temple, minmay_evil_grid
D:10:     layout_stronghold
D:11:     minmay_the_grid_triangle_9x9_recursive_2_mashed
          [minmay_the_grid_triangle_9x9_prize_special,
          minmay_the_grid_triangle_9x9_corruption,
          minmay_the_grid_triangle_9x9_checkered,
          minmay_the_grid_triangle_9x9_zippers_horizontal], layout_layer_cave,
          minmay_ruined_shrine, uniq_snorg
D:12:     layout_basic, erik_orc_3, serial_shops, freezing_bzr
D:13:     layout_basic
D:14:     layout_big_octagon, david_vaults_1, nicolae_trove_entry_crossroad,
          serial_shops, shop, shop, uniq_kirke
D:15:     hangedman_depths_entry_try_elsewhere_first, layout_rooms,
          corexii_leaking_fountain
Temple:   oiseaux_autumnal_temple
Lair:1:   layout_misc_corridors, kennysheep_abandoned_house
Lair:2:   layout_layer_cave, minmay_shoals_entry_lonely_mermaid,
          dummy_snake_entry, grunt_megastairs_5, uniq_sonja
Lair:3:   layout_roguey, basic_altar, gauntlet_entry_generic,
          infiniplex_staircase_pool_2, grunt_megastairs_1, uniq_gastronok
Lair:4:   layout_loops_ring, ebering_ghost_reflecting_pool, patterned_corridor
Lair:5:   layout_small_grid, lemuel_fruit_fields, grunt_megastairs_4,
          infiniplex_staircase_pool, minmay_lair_oklob_chamber
Lair:6:   minmay_lair_end_enchanted_forest, layout_loops_ring,
          nicolae_slime_entry_slimehenge, serial_forest,
          infiniplex_forest_fountain, infiniplex_forest_lined_3,
          infiniplex_forest_clump_cross, infiniplex_forest_diagonal,
          infiniplex_forest_straight_2, infiniplex_forest_clump_small
Snake:1:  cheibrodos_snake_ritualist_ritual, layout_chambers
Slime:1:  layout_caves

Skill      XL: |  1  2  3  4  5  6  7  8  9 10 11 12 13 14 |
---------------+-------------------------------------------+-----
Staves         | 4 5 6 7 8 9 11 13 14 15 16 18 19 20 | 20.6
Armour         | 4 8 11 14 15 | 15.3
Fighting       | 7 11 14 | 14.9
Invocations    | 3 6 8 |  8.8
Throwing       | |  2.0
Dodging        | |  3.2

Action                   |  1- 3 |  4- 6 |  7- 9 | 10-12 | 13-15 || total
-------------------------+-------+-------+-------+-------+-------++-------
Melee: Quarterstaff      |    40 |   186 |   316 |   869 |  1391 ||  2802
       Headbutt          |     5 |    30 |    62 |   203 |   379 ||   679
Invok: Lesser Servant of |       |       |       |     2 |     1 ||     3
  Use: Scroll            |       |       |    22 |     5 |     9 ||    36
       Potion            |       |       |     1 |     5 |     6 ||    12
 Stab: Sleeping          |       |     1 |       |       |       ||     1
       Distracted        |       |       |       |       |     1 ||     1
  Eat: Chunk             |       |     6 |    33 |    33 |    27 ||    99
       Ration            |       |       |     2 |       |       ||     2
Armor: Leather armour    |     8 |    10 |       |       |       ||    18
       Ring mail         |       |    18 |    38 |       |       ||    56
       Chain mail        |       |       |    59 |   489 |  1038 ||  1586
Dodge: Dodged            |    29 |    94 |   118 |   376 |   647 ||  1264
